 Dungeon Crawl Stone Soup version 0.20-a0-454-g2b43fbb (webtiles) character file.

413 HarleyQuinn the Grave Robber (level 6, 0/41 HPs)
             Began as a Vampire Necromancer on Jan 8, 2017.
             Was an Initiate of Ashenzari.
             Slain by Grinder (2 damage)
             ... on level 4 of the Dungeon.
             The game lasted 00:21:45 (14448 turns).

HarleyQuinn the Grave Robber (Vampire Necromancer) Turns: 14448, Time: 00:21:46

Health: 0/41       AC:  8    Str:  7    XL:     6   Next: 59%
Magic:  11/12      EV: 13    Int: 19    God:    Ashenzari [......]
Gold:   190        SH:  0    Dex: 15    Spells: 6/14 levels left

rFire  + . .     SeeInvis +     v - +2 dagger (speed)
rCold  + . .     Gourm    .     a - +0 robe
rNeg   + + .     Faith    .     (no shield)
rPois  +         Spirit   .     (no helmet)
rElec  .         Reflect  .     B - +0 cloak {MR+} (curse)
rCorr  .         Harm     .     j - +0 pair of gloves
MR     +....                    (no boots)
Stlth  +++.......               (no amulet)
                                u - +4 ring of protection (curse)
                                n - ring of protection from fire

@: regenerating slowly
A: fangs 3, see invisible, unbreathing
a: Bat Form, Curse Item, Renounce Religion


You were on level 4 of the Dungeon.
You worshipped Ashenzari.
Ashenzari was noncommittal.
You were thirsty.

You visited 2 branches of the dungeon, and saw 5 of its levels.

You collected 190 gold pieces.

Inventory:

Hand Weapons
 v - a +2 dagger of speed (weapon)
Armour
 a - a +0 robe (worn)
 j - a +0 pair of gloves (worn)
 o - a +0 cloak
 z - a +0 helmet
 B - a cursed +0 cloak of magic resistance (worn)
Jewellery
 n - a ring of protection from fire (left hand)
 u - a cursed +4 ring of protection (right hand)
 x - an uncursed ring of ice
 D - a +3 ring of protection
Wands
 t - a wand of digging (4/24)
Scrolls
 d - a scroll of amnesia {unknown}
 g - 6 scrolls of identify {unknown}
 h - 2 scrolls of fog
 i - 3 scrolls of teleportation
 l - a scroll of immolation {unknown}
 p - a scroll of recharging {unknown}
 s - a scroll of enchant armour {unknown}
 y - a scroll of enchant weapon {unknown}
Potions
 e - a potion of heal wounds {unknown}
 f - a potion of magic {unknown}
 k - a potion of resistance {unknown}
 q - a potion of brilliance {unknown}
 r - a potion of agility {unknown}
 w - a potion of cancellation {unknown}
 A - a potion of degeneration {unknown}
 C - a potion of might
Books
 b - a book of Necromancy

   Spells                             Type                      Level
   a - Pain                           Necromancy                   1
   b - Animate Skeleton               Necromancy                   1
   c - Vampiric Draining              Necromancy                   3
   d - Regeneration                   Charms/Necromancy            3
   e - Animate Dead                   Necromancy                   4
   f - Control Undead                 Necromancy                   4


   Skills:
 - Level 2.1 Dodging
 - Level 3.0 Stealth
 - Level 4.6 Spellcasting
 + Level 7.1 Necromancy


You had 6 spell levels left.
You knew the following spells:

 Your Spells              Type           Power        Failure   Level  Hunger
a - Pain                  Necr           ####         1%          1    None
b - Vampiric Draining     Necr           ####......   1%          3    ###....
c - Animate Dead          Necr           N/A          10%         4    ####...


Dungeon Overview and Level Annotations

Branches:
Dungeon (4/15)             Temple (1/1) D:4

Altars:
Ashenzari
Cheibriados
Dithmenos
Gozag
Makhleb
Nemelex Xobeh
Qazlal
Ru
Trog
Uskayaw
Vehumet
Xom
Yredelemnul
Zin
The Shining One

Annotations:
D:4 Grinder


Innate Abilities, Weirdness & Mutations

You heal slowly.
You have razor-sharp teeth.
You have supernaturally acute eyesight. (SInv)
You can survive without breathing.


Message History

Your hobgoblin zombie hits the jackal but does no damage.
The jackal bites you but does no damage.
You can move again.
You closely miss the jackal.
The jackal is almost dead.
The jackal bites you but does no damage.
Grinder hits you.
* * * LOW HITPOINT WARNING * * *
You writhe in agony.
* * * LOW HITPOINT WARNING * * *
You completely miss the jackal.
The jackal is almost dead.
Your hobgoblin zombie hits the jackal.
The jackal dies!
You see here a jackal corpse.
You swap places.
Grinder blinks!
Found an uncursed quarterstaff.
Grinder blinks!
Grinder hits you.
You die...

######### ###.§..†..#
###...#.'##.##
##...Z.#...#..## ###
#......#...#....
[....#5.?.#.#...5#.#.#
...)...@.#⌠.##'...⌠#..##
.........#.........# ...
#.###.#.##........###...
# #.#...#.....!.#...# .
..#...+..)_...'..?#.. #.
#...#.).!...#......
....####.......##.##..
..... #...............
## #⌠.##+##.⌠...##.


You could see Grinder and a friendly hobgoblin zombie.

Vanquished Creatures
  A howler monkey (D:4)
  A hound (D:3)
  Crazy Yiuf (D:3)
  A worker ant (D:4)
  A hound skeleton (D:4)
  Robin (D:4)
  4 gnolls (D:2)
  7 adders
  3 worms
  4 dart slugs
  4 leopard geckos
  2 orcs
  18 bats
  6 giant cockroaches
  20 goblins
  16 hobgoblins
  11 jackals
  3 ball pythons (D:3)
  4 frilled lizards
  22 kobolds
  A leopard gecko skeleton (D:4)
  6 rats
137 creatures vanquished.

Vanquished Creatures (collateral kills)
  A jackal (D:4)
1 creature vanquished.

Grand Total: 138 creatures vanquished

Notes
Turn   | Place    | Note
-------+----------+-------------------------------------------
     0 | D:1      | HarleyQuinn the Vampire Necromancer began the quest for the Orb.
     0 | D:1      | Reached XP level 1. HP: 13/13 MP: 3/3
   418 | D:1      | Reached XP level 2. HP: 14/19 MP: 3/5
   672 | D:1      | Reached skill level 5 in Necromancy
  2810 | D:1      | Reached XP level 3. HP: 22/24 MP: 6/6
  2934 | D:1      | Learned a level 3 spell: Vampiric Draining
  4447 | D:2      | Reached skill level 6 in Necromancy
  5244 | D:2      | Reached XP level 4. HP: 27/30 MP: 0/7
  7615 | D:2      | Found a bloodstained altar of Trog.
  7615 | D:2      | Found a basalt altar of Yredelemnul.
  7621 | D:2      | Found a stormy altar of Qazlal.
  7624 | D:2      | Found a glowing silver altar of Zin.
  8938 | D:2      | Reached XP level 5. HP: 8/35 MP: 0/10
  9908 | D:2      | Learned a level 4 spell: Animate Dead
 11920 | D:3      | Found a runed door.
 12084 | D:3      | Reached XP level 6. HP: 29/41 MP: 9/12
 12618 | D:3      | Noticed Crazy Yiuf
 12631 | D:3      | Killed Crazy Yiuf
 13068 | D:4      | Found a staircase to the Ecumenical Temple.
 13093 | Temple   | Entered the Ecumenical Temple
 13849 | D:4      | Noticed Robin
 13901 | D:4      | Killed Robin
 14129 | D:4      | Found a shattered altar of Ashenzari.
 14137 | D:4      | Became a worshipper of Ashenzari the Shackled
 14328 | D:4      | Reached skill level 7 in Necromancy
 14338 | D:4      | Noticed Grinder
 14364 | D:4      | Paralysed by Grinder for 6 turns
 14381 | D:4      | Paralysed by Grinder for 3 turns
 14434 | D:4      | Paralysed by Grinder for 2 turns
 14437 | D:4      | HP: 2/41 [Grinder (1)]
 14448 | D:4      | Slain by Grinder

Vault maps used:
D:1:      dpeg_arrival_windows_large_door, minmay_tromino_mix6
D:2:      chequers_temple_overflow_statue_of_worship, first_bread
D:3:      uniq_crazy_yiuf_cottage
D:4:      evilmike_ruin_ashenzari, uniq_robin, uniq_grinder
Temple:   zaba_magenta_temple

Skill      XL: |  1  2  3  4  5  6 |
---------------+-------------------+-----
Necromancy     | 5 6 7 |  7.1
Spellcasting   | 3 4 |  4.6
Dodging        | |  2.1
Stealth        | |  3.0

Action                   |  1- 3 |  4- 6 || total
-------------------------+-------+-------++-------
Melee: Club              |    22 |       ||    22
       Bite              |    16 |    30 ||    46
       Whip              |   128 |   131 ||   259
       Dagger            |       |   251 ||   251
 Cast: Pain              |    24 |    64 ||    88
       Vampiric Draining |    11 |     6 ||    17
       Animate Dead      |       |     3 ||     3
Invok: Curse Item        |       |     2 ||     2
 Abil: End Transformatio |       |     2 ||     2
       Bat Form          |       |     2 ||     2
  Use: Potion            |     5 |    15 ||    20
       Scroll            |       |     3 ||     3
 Stab: Sleeping          |     8 |     6 ||    14
       Distracted        |     1 |     1 ||     2
Armor: Robe              |    48 |   124 ||   172
Dodge: Dodged            |   139 |   233 ||   372
